Picklejuice13, neutral male human Tourist ---- ----- ----- ---- --(.| --- | | ----- | | ---- ---Z..-- | --- | | | -- | | |.@G...--- | | -- | --- -- --[h.... --- --- ----- -- -- --- | | |....( -- -- | | | | --- | -- -|---.[... | -- --| | | --- -- | | --...... | | | | -- --- --- --- ........--- | -- | |----- | ----------..... --- | | ---| | -- | -| ---- --............. | -- | | | | -- ---..----------- -- -- | | | | ----- | |....------ ------ -- | -- -- -- ---- ----- | | |..... --- --- -- -- -- | | | | | --.... --- ---- | | | ---| ---- --- ----- -- ---- | | --- --- -- | ----- |> ---- -- -- | | | | | | | --- --- | | | -- -- --- ---- -- | -- | | | --- ---- --- | --- --------- ------ --- ------------- Picklejuice13 the Sightseer Experience level: 5 Strength: 9 Dexterity: 12 Constitution: 14 Intelligence: 18 Wisdom: 8 Charisma: 19 Health: 0(38) Energy: 21(21) Def: 4 Gold: 1313 Moves: 2544 Dungeon seed: 0000000000001313 Game ID: Picklejuice13_1448541433 Your Inventory: Coins $ - 1313 gold pieces Weapons a - a +1 dagger (weapon in hand) v - 5 +0 darts E - a +0 aklys S - 47 +2 darts (in quiver) T - 7 blessed +2 darts Armor e - an uncursed +0 Hawaiian shirt (being worn) y - an uncursed +0 dwarvish iron helm (being worn) D - an uncursed +0 dwarvish cloak (being worn) N - an uncursed +0 pair of iron shoes (being worn) Comestibles b - 2 uncursed apples d - an uncursed fortune cookie f - 6 uncursed food rations h - an uncursed pancake l - an uncursed tin of newt meat s - an uncursed tin of jackal meat Z - an uncursed Tentation Scrolls j - 3 uncursed scrolls of magic mapping o - an uncursed scroll of identify Potions i - an uncursed potion of extra healing t - an uncursed potion of water Rings u - an uncursed ring of fire resistance Wands m - a wand of secret door detection (0:12) Tools c - an expensive camera (0:53) k - an uncursed credit card w - an uncursed leash x - 5 uncursed tallow candles (0:200) R - an uncursed leash X - an uncursed tin whistle Gems q - 2 uncursed worthless pieces of orange glass r - 8 uncursed rocks z - 2 uncursed worthless pieces of green glass Spells and supernatural/magical abilities: Name Level Category Fail Memory W - pray for help -- divine ? -- Your skills at the end: Miscellaneous Skills wands [Basic] Weapon Skills dart [Basic] Spellcasting Skills Final Attributes: You were devoutly aligned. You were lucky. You are dead. Vanquished creatures: a dwarf king a gnome king 3 gnome lords 4 dwarves an orc zombie a werejackal 2 coyotes 2 gas spores a hobbit 2 geckos 5 giant rats 2 cave spiders a red mold 11 gnomes 10 jackals 5 foxes 3 kobolds 4 newts 3 grid bugs a bat 4 lichens 67 creatures vanquished. Voluntary challenges: You did not adorn yourself with jewelry or accessories. You used a wielded weapon 27 times, starting on turn 1360. You did not apply a unicorn horn. You read items or engraved 13 times, starting on turn 1863. You never genocided any monsters. You never polymorphed an object. You never changed form. You used no wishes. You never split a pudding. You wrote Elbereth's name 11 times, starting on turn 2351. You never violated your personal moral code. Dungeon overview: The Dungeons of Doom: levels 1 to 2 Level 1 an altar to Blind Io a long staircase Level 2 a fountain, a sink stairs to The Gnomish Mines The Gnomish Mines: levels 3 to 4 Level 3 stairs to The Dungeons of Doom Level 4 <- You were here History has recorded: On T:1 you entered the Dungeons of Doom to retrieve the Amulet of Yendor! On T:431 you reached level 2 of The Dungeons of Doom. On T:1020 you reached level 1 of The Gnomish Mines. On T:1114 you advanced to experience level 2. On T:1143 you advanced to experience level 3. On T:1335 you advanced to experience level 4. On T:1860 you reached level 2 of The Gnomish Mines. On T:2155 you advanced to experience level 5. Score breakdown: Gold: 374 ( 37 points) Experience: 5 levels ( 400 points) Exploration: 4 levels ( 90 points) Discoveries: 2 items ( 100 points) Variety of kills: 21 monsters ( 1050 points) Major goal: (nothing yet) ( 0 points) Survival: died (score multiplied by 3) Total score: 5031 Latest messages: You stab the orc zombie. The orc zombie misses. The dwarf swings her pick-axe. The dwarf hits you! The gnome lord punches you! You die... Final status: Aloha Picklejuice13 the Tourist, killed by a gnome lord... You died in The Gnomish Mines on dungeon level 4 with 5031 points, and 1313 pieces of gold, after 2544 moves. You were level 5 with a maximum of 38 hit points when you died.